 Dungeon Crawl Stone Soup version 0.27-a0-955-gb57c80000f (webtiles) character file.

Game seed: 9562805848726936291

9 Ijustatesigmund the Skirmisher (level 2, 22/24 HPs)
             Began as a Demonspawn Fighter on Apr 12, 2021.
             Quit the game on level 1 of the Dungeon.
             The game lasted 00:00:25 (212 turns).

Ijustatesigmund the Skirmisher (Demonspawn Fighter)  Turns: 212, Time: 00:00:26

Health: 22/24      AC:  6    Str: 16    XL:     2   Next: 6%
Magic:  2/2        EV:  7    Int:  9    God:
Gold:   0          SH:  8    Dex: 12    Spells: 1/1 levels left

rFire    . . .     SeeInvis .   a - +0 war axe
rCold    . . .     Faith    .   c - +0 kite shield
rNeg     . . .     Spirit   .   b - +0 scale mail
rPois    .         Reflect  .   (helmet restricted)
rElec    .         Harm     .   (no cloak)
rCorr    .         Rampage  .   (no gloves)
Will     .....                  (no boots)
Stlth    ..........             (no amulet)
HPRegen  0.08/turn              (no ring)
MPRegen  0.08/turn              (no ring)

@: no status effects
A: antennae 1
a: no special abilities


You were on level 1 of the Dungeon.
You visited 1 branch of the dungeon, and saw 1 of its levels.

Inventory:

Hand Weapons
 a - a +0 war axe (weapon)
Armour
 b - a +0 scale mail (worn)
 c - a +0 kite shield (worn)
Potions
 d - a potion of might


   Skills:
 + Level 3.1 Fighting
 * Level 2.2 Axes
 - Level 2.6 Armour
 + Level 0.5 Dodging
 - Level 2.6 Shields


You had one spell level left.
You didn't know any spells.
Your spell library was empty.

Dungeon Overview and Level Annotations

Branches:
Dungeon (1/15)

Altars:


Innate Abilities, Weirdness & Mutations

You have a pair of small antennae on your head.


Message History

Found 7 gold pieces.
The goblin shouts!
A frilled lizard comes into view.
Your shield and scale mail prevent you from hitting the goblin.
You closely miss the hobgoblin.
The frilled lizard hisses angrily.
You block the hobgoblin's attack. The goblin hits you but does no damage.
The hobgoblin barely misses you.
You hit the goblin.
You kill the goblin!
You closely miss the hobgoblin. You block the hobgoblin's attack.
The hobgoblin hits you but does no damage.
You barely miss the hobgoblin.
The hobgoblin hits you but does no damage.
You barely miss the hobgoblin. You block the hobgoblin's attack.
The hobgoblin barely misses you. The frilled lizard bites you.
You miss the frilled lizard. You hit the hobgoblin.
You kill the hobgoblin!
You block the frilled lizard's attack.
You have reached level 2!
Your demonic ancestry asserts itself...
A pair of antennae grows on your head!
You closely miss the frilled lizard. You block the frilled lizard's attack.
The frilled lizard bites you.
You barely miss the frilled lizard. You block the frilled lizard's attack.
You closely miss the frilled lizard.
The frilled lizard bites you but does no damage.
You block the frilled lizard's attack.
You barely miss the frilled lizard.
The frilled lizard bites you but does no damage.
The frilled lizard barely misses you.
You miss the frilled lizard. The frilled lizard barely misses you.
You closely miss the frilled lizard. You block the frilled lizard's attack.
The frilled lizard bites you but does no damage.
You miss the frilled lizard. You block the frilled lizard's attack.
The frilled lizard bites you.
You hit the frilled lizard.
You kill the frilled lizard!
No target in view!
Are you sure you want to abandon this character and quit the game? (Confirm with "yes".)

#......#..# ####....#
######.##.# ##.....#.#
#.##.# #...####.#
#.##.###........#
######.##........#####
..........######.#
..........+......#
..........########
.......@..#
......)...#
..........#
..........#
.$........#
..........#
..........#
...........


There were no monsters in sight!

Vanquished Creatures
  An endoplasm (D:1)
  A goblin (D:1)
  A hobgoblin (D:1)
  3 jackals (D:1)
  A frilled lizard (D:1)
  A rat (D:1)
8 creatures vanquished.

Notes
Turn   | Place    | Note
-------+----------+-------------------------------------------
     0 | D:1      | Ijustatesigmund the Demonspawn Fighter began the quest for
                  | the Orb.
     0 | D:1      | Reached XP level 1. HP: 18/18 MP: 1/1
   204 | D:1      | Gained mutation: You have a pair of small antennae on your
                  | head. [demonic ancestry]
   204 | D:1      | Reached XP level 2. HP: 24/24 MP: 2/2
   212 | D:1      | Quit the game

Illustrated notes

Levels and vault maps discovered:
D:1:      minmay_arrival_three_doors, layout_basic

Skill      XL: |  1 |
---------------+----+-----
Axes           | 2 |  2.2
Fighting       | |  3.1
Armour         | |  2.6
Dodging        | |  0.5
Shields        | |  2.6

Action                   || total
-------------------------++-------
Melee: War axe           ||    30
Armor: Scale mail        ||    19
Dodge: Dodged            ||    11
Block: Kite shield       ||    28

Table legend: (Time is in decaauts)
 A = Elapsed time spent in this place.
 B = Non-inter-level travel time spent in this place.
 C = Inter-level travel time spent in this place.
 D = Time resting spent in this place.
 E = Time spent auto-exploring this place.
 F = Levels seen in this place.
 G = Mean time per level.
                   A        B        C        D        E       F      G
               +--------+--------+--------+--------+--------+-----+--------+
         Total |    231 |    231 |      0 |    134 |     36 |   1 |  231.0 |
       Dungeon |    231 |    231 |      0 |    134 |     36 |   1 |  231.0 |
               +--------+--------+--------+--------+--------+-----+--------+

Top non-repeatable levels by time:
     D:1: 231 daAuts
